 Dungeon Crawl Stone Soup version 0.28-a0-563-gf77a47075d (webtiles) character file.

Game seed: 3186143130327032531

161 sanka the Distorting Palentonga (level 5, -2/43 HPs)
             Began as a Palentonga Abyssal Knight on Sept 29, 2021.
             Was a Believer of Lugonu.
             Slain by an ogre (25 damage)
             ... on level 3 of the Dungeon.
             The game lasted 00:03:44 (2872 turns).

sanka the Distorting Palentonga (PaAK)              Turns: 2872, Time: 00:03:45

Health: -2/43      AC:  5    Str: 18    XL:     5   Next: 19%
Magic:  9/9        EV:  9    Int: 10    God:    Lugonu [**....]
Gold:   130        SH:  0    Dex: 10    Spells: 4/4 levels left

rFire   . . .      SeeInvis +   h - +1 dagger (venom)
rCold   . . .      Faith    .   (no shield)
rNeg    . . .      Spirit   .   b - +0 leather armour
rPois   .          Reflect  .   k - +0 helmet
rElec   .          Harm     .   (no cloak)
rCorr   .          Rampage  .   (no gloves)
Will    .....                   (no barding)
Stlth   +.........              (no amulet)
HPRegen 0.14/turn               (no ring)
MPRegen 0.11/turn               (no ring)

@: no status effects
A: large, rugged brown scales 3, see invisible, deformed body, roll 1, armoured
tail
a: Rolling Charge, Renounce Religion, Depart the Abyss, Bend Space


You were on level 3 of the Dungeon.
You worshipped Lugonu.
Lugonu was pleased with you.
You visited 1 branch of the dungeon, and saw 3 of its levels.
You visited the Abyss 1 time.

You collected 130 gold pieces.


Innate Abilities, Weirdness & Mutations

You are completely covered in rugged brown scales. (AC +3, +7% HP)
You have supernaturally acute eyesight. (SInv)
Armour fits poorly on your strangely shaped body.
You can roll at nearby foes to attack.
You have a long armoured tail.


   Skills:
 - Level 3.0 Fighting
 - Level 2.0 Axes
 - Level 1.5 Armour
 - Level 0.7 Dodging
 + Level 5.9 Invocations


You had 4 spell levels left.
You didn't know any spells.
Your spell library was empty.

Inventory:

Hand Weapons
 a - a +1 hand axe
 h - a +1 dagger of venom (weapon)
Missiles
 i - 21 poisoned darts
Armour
 b - a +0 leather armour (worn)
 k - a +0 helmet (worn)
Magical Staves
 d - a staff of air
Wands
 l - a wand of polymorph (2)
Scrolls
 c - a scroll of fear {unknown}
 f - a scroll of vulnerability {unknown}
 g - 6 scrolls of identify {unknown}
 j - a scroll of teleportation {unknown}
Potions
 e - a potion of heal wounds {unknown}
 m - a potion of ambrosia {unknown}

Dungeon Overview and Level Annotations

Branches:
Dungeon (3/15)

Altars:

.▒▒ ▒ ..
▒.▒▒▒.▒ ▒
▒.▒.▒.▒.▒ ▒
▒.OH..▒.▒ ▒
▒.▒.....▒▒▒
[
▒.▒.......+
.
▒.▒....<▒▒▒
. ▒.......▒
▒▒▒.▒▒▒▒▒
▒▒...▒
▒▒.▒.▒.▒▒
+▒
▒.▒..▒▒.▒
.▒


You could see an ogre (extremely poisoned).


Message History

The goblin closely misses you.
You barely miss the goblin.
Your tail-slap misses the goblin.
The goblin hits you with a +0 club.
You hit the goblin.
You kill the goblin!
Lugonu accepts your kill.
No target in view!
No target in view!
Found 7 gold pieces.
Found 3 scrolls labelled JUUFYDD ZUMISA.
You now have 130 gold pieces (gained 7).
Found a stone staircase leading up.
g - 6 scrolls labelled JUUFYDD ZUMISA (gained 3)
An ogre comes into view. It is wielding a +0 giant spiked club.
The ogre shouts!
You hear a shout!
You hit the ogre.
The ogre is poisoned.
The ogre is lightly wounded.
The ogre hits you with a +0 giant spiked club!!
You hit the ogre.
The ogre looks as sick as possible!
The ogre is moderately wounded.
You hit the ogre.
The ogre looks as sick as possible!
The ogre is heavily wounded.
The ogre hits you with a +0 giant spiked club!!
Ouch! That really hurt!
You die...

Action                   |  1- 3 |  4- 6 || total
-------------------------+-------+-------++-------
Melee: Hand axe          |    28 |       ||    28
       Tailslap          |    10 |     4 ||    14
       Dagger            |    42 |    90 ||   132
       Unarmed           |       |     2 ||     2
 Abil: Rolling Charge    |    18 |     7 ||    25
Armor: Leather armour    |    24 |    36 ||    60
Dodge: Dodged            |    26 |    37 ||    63

Levels and vault maps discovered:
D:1:      amcnicky_arrival_blooded_trapdoor, layout_loops_cross
D:2:      layout_loops_cross, minmay_pentomino_o4, uniq_natasha
D:3:      layout_loops_corners, chequers_ecumenical_altar_simple_redux

Notes
Turn   | Place    | Note
-------+----------+-------------------------------------------
     0 | Abyss:1  | sanka the Palentonga Abyssal Knight began the quest for the
                  | Orb.
     0 | Abyss:1  | Reached XP level 1. HP: 19/19 MP: 2/2
     9 | Abyss:1  | Found a radiant altar of Vehumet.
    12 | D:1      | Escaped the Abyss
   247 | D:1      | Reached XP level 2. HP: 25/25 MP: 4/4
   421 | D:1      | Reached skill level 3 in Invocations
   979 | D:2      | Reached XP level 3. HP: 30/31 MP: 5/5
   983 | D:2      | Reached skill level 4 in Invocations
  1121 | D:2      | Reached ** piety under Lugonu
  1202 | D:2      | Noticed Natasha
  1208 | D:2      | Killed Natasha
  1209 | D:2      | Reached XP level 4. HP: 28/37 MP: 7/7
  1361 | D:2      | Noticed Natasha
  1367 | D:2      | Killed Natasha
  1368 | D:2      | Reached skill level 5 in Invocations
  2083 | D:2      | Noticed Natasha
  2230 | D:2      | Killed Natasha
  2231 | D:2      | Reached XP level 5. HP: 28/43 MP: 9/9
  2683 | D:3      | Found a faded altar of an unknown god.
  2869 | D:3      | Noticed an ogre
  2872 | D:3      | Slain by an ogre

Vanquished Creatures
  Natasha (thrice) (D:2)
  3 adders (D:2)
  A dart slug (D:2)
  A worm (D:2)
  5 ball pythons
  2 endoplasms
  2 giant cockroaches (D:2)
  5 goblins
  5 hobgoblins
  6 jackals
  2 quokkas
  7 bats
  6 frilled lizards
  4 kobolds
  6 rats
58 creatures vanquished.
